Map: Hardwire LE

Players

Reaper

  • Race: Zerg Zerg
  • League: Diamond
  • Spawn Location: 7:00

Warthog - Winner!

  • Race: Terran Terran
  • League: Diamond
  • Spawn Location: 1:00

VOD

Have the link to the VOD?

Description

Time

  • Played on: Nov. 23, 2021, 8:11 p.m.
  • Length: 19:25
Show
View Real Time Build Order
Export as new Build Order

Reaper Zerg 

Build Orders: Hatch First 

Get SALT Encoding   

  12  0:03  Drone  
  13  0:13  Overlord  
  13  0:19  Drone  
  14  0:32  Drone  
  14  0:33  Drone  
  16  0:48  Hatchery  
  15  0:53  Drone  
  15  0:56  Drone  
  17  1:01  Drone  
  18  1:11  Extractor  
  18  1:15  Spawning Pool  
  18  1:17  Drone  
  17  1:20  Drone  
  18  1:29  Drone  
  19  1:41  Drone  
  20  1:52  Drone  
  21  2:01  Queen  
  21  2:02  Queen  
  25  2:09  Hatchery  
  25  2:14  Zergling x2  
  25  2:15  Zergling x2  
  26  2:21  Overlord  
  26  2:23  Drone  
  26  2:26  Drone  
  28  2:32  Spore Crawler  
  27  2:37  Metabolic Boost  
  28  2:58  Drone x4  
  31  2:59  Drone x2  
  34  3:09  Overlord  
  34  3:10  Overlord  
  34  3:13  Queen  
  36  3:23  Drone  
  36  3:24  Drone x4  
  41  3:32  Queen  
  43  3:35  Drone  
  43  3:36  Drone x2  
  46  3:41  Overlord  
  46  3:49  Drone x5  
  46  3:55  Zergling x4  
  53  4:00  Overlord  
  53  4:13  Zergling x2  
  52  4:21  Zergling x10  
  54  4:27  Queen x3  
  54  4:28  Overlord  
  54  4:29  Overlord  
  54  4:31  Drone x4  
  61  4:34  Overlord  
  64  4:50  Drone  
  64  4:51  Drone x4  
  64  4:52  Overlord  
  69  5:00  Roach Warren  
  69  5:02  Baneling Nest  
  69  5:04  Lair  
  51  5:38  Drone  
  51  5:39  Drone x9  
  51  5:41  Zergling x2  
  51  5:42  Zergling x14  
  69  5:49  Extractor  
  68  5:50  Extractor  
  68  5:56  Hatchery  
  68  5:57  Drone x6  
  67  6:02  Glial Reconstitution  
  72  6:06  Spire  
  72  6:10  Evolution Chamber  
  72  6:11  Extractor, Evolution Chamber  
  68  6:22  Drone x7  
  68  6:25  Extractor  
  74  6:37  Drone x3  
  74  6:38  Zergling x2  
  74  6:39  Zergling x10  
  83  6:40  Centrifugal Hooks  
  83  6:44  Drone x3  
  83  6:45  Overlord  
  83  6:46  Zerg Ground Armor Level 1  
  86  6:54  Zerg Melee Weapons Level 1  
  86  7:02  Zergling x2  
  86  7:03  Zergling x18  
  96  7:11  Extractor  
  95  7:21  Overlord x2  
  95  7:27  Overlord  
  95  7:28  Mutalisk x3  
  95  7:29  Mutalisk  
  103  7:39  Zergling x2  
  103  7:40  Drone  
  103  7:41  Drone x8  
  113  7:48  Baneling  
  113  7:49  Baneling x12  
  111  8:06  Hatchery  
  111  8:08  Mutalisk  
  111  8:09  Mutalisk x2  
  116  8:24  Mutalisk x2  
  116  8:26  Zergling x2  
  121  8:27  Zergling x18  
  129  8:40  Drone, Hatchery, Overlord  
  129  8:41  Overlord x3  
  129  8:53  Baneling x3  
  127  9:17  Mutalisk x2  
  127  9:18  Mutalisk x6  
  127  9:20  Overseer, Overlord  
  127  9:21  Overseer  
  143  9:25  Pneumatized Carapace  
  143  9:28  Drone x2  
  143  9:29  Drone x9  
  154  9:41  Baneling x2  
  154  9:42  Baneling x7  
  154  9:49  Zerg Melee Weapons Level 2  
  154  9:55  Extractor  
  154  9:56  Extractor  
  154  9:57  Extractor  
  151  10:00  Extractor  
  151  10:02  Zerg Ground Armor Level 2  
  141  10:16  Zergling x2  
  141  10:17  Zergling x18, Overlord x3  
  150  10:34  Zergling x14, Hatchery  
  150  10:35  Zergling x20  
  150  10:37  Drone x3  
  153  10:47  Infestation Pit  
  152  10:57  Baneling x14  
  152  10:58  Baneling x5  
  150  11:17  Zergling x6  
  150  11:18  Zergling x16  
  158  11:30  Zergling x18  
  158  11:31  Zergling x4  
  145  11:45  Mutalisk  
  145  11:46  Mutalisk x15  
  162  11:49  Zergling x6  
  171  11:56  Hive  
  171  11:58  Baneling  
  171  11:59  Baneling x8  
  170  12:03  Baneling  
  170  12:04  Baneling x6  
  169  12:10  Overseer x2  
  169  12:11  Overseer  
  152  12:42  Zergling x2  
  152  12:43  Zergling x30  
  152  12:44  Baneling x16  
  168  12:45  Zergling x2, Baneling x3  
  168  12:46  Zergling x14  
  168  13:01  Zergling x2  
  169  13:06  Baneling  
  169  13:07  Baneling x16  
  163  13:23  Hydralisk Den  
  163  13:24  Zergling x22  
  163  13:25  Zergling x12  
  129  13:56  Baneling x14  
  129  13:57  Zergling x4, Baneling x7  
  129  13:58  Zergling x18  
  89  14:33  Zergling x2  
  89  14:36  Drone  
  89  14:37  Drone x12  
  89  14:38  Hatchery  
  101  14:44  Hatchery  
  97  15:02  Ultralisk Cavern  
  97  15:04  Grooved Spines  
  96  15:08  Baneling x4  
  96  15:09  Baneling x7  
  96  15:10  Lurker Den  
  95  15:17  Baneling x9  
  95  15:39  Baneling x2  
  95  15:46  Hydralisk  
  95  15:47  Hydralisk  
  95  15:48  Hydralisk x5  
  109  15:52  Drone  
  109  15:53  Drone x3  
  109  15:54  Drone  
  110  16:14  Zergling x2  
  110  16:15  Zergling x20, Muscular Augments  
  111  16:19  Baneling x5  
  111  16:20  Baneling  
  111  16:21  Baneling  
  111  16:24  Zergling x2  
  111  16:25  Zergling x2  
  97  16:37  Zergling x8  
  97  16:38  Zergling x8  
Show
View Real Time Build Order
Export as new Build Order

Warthog Terran - Winner!

Build Orders: Liberator Opening, Reaper Expand 

Get SALT Encoding   

  12  0:02  SCV  
  13  0:14  SCV  
  13  0:17  Supply Depot  
  14  0:26  SCV  
  15  0:39  SCV  
  15  0:40  Barracks  
  16  0:44  Refinery  
  16  0:51  SCV  
  17  1:03  SCV  
  18  1:15  SCV  
  19  1:28  Reaper, Orbital Command  
  20  1:39  Command Center  
  20  1:49  Supply Depot  
  20  1:55  SCV  
  20  2:00  Marine  
  22  2:08  SCV  
  23  2:12  Refinery, Factory  
  23  2:20  SCV  
  23  2:21  Barracks Reactor  
  24  2:34  SCV  
  25  2:47  SCV  
  26  2:57  Starport  
  26  3:00  SCV  
  26  3:01  Orbital Command  
  27  3:07  Barracks Tech Lab  
  27  3:08  Hellion x2  
  31  3:15  SCV  
  32  3:27  SCV  
  32  3:29  Hellion x2  
  32  3:33  SCV  
  38  3:35  Liberator  
  38  3:38  Marine  
  38  3:39  SCV  
  38  3:40  Supply Depot  
  43  3:45  SCV  
  43  3:47  Supply Depot  
  44  3:50  Stimpack  
  44  3:55  SCV  
  45  3:57  SCV  
  45  4:02  Hellion x2  
  50  4:07  SCV  
  50  4:09  SCV  
  52  4:19  SCV  
  50  4:25  SCV  
  50  4:26  Hellion x2  
  50  4:30  Command Center  
  50  4:31  SCV  
  56  4:37  Supply Depot, SCV  
  57  4:41  Starport Reactor  
  57  4:43  SCV  
  58  4:46  Barracks  
  58  4:49  SCV, Barracks  
  58  4:50  Marine  
  60  4:55  SCV  
  61  5:00  Factory Reactor  
  61  5:01  Engineering Bay, SCV  
  61  5:02  Engineering Bay  
  62  5:07  SCV  
  62  5:10  Refinery  
  62  5:12  Refinery  
  62  5:13  SCV  
  58  5:26  SCV  
  51  5:35  Marine  
  51  5:36  Combat Shield  
  51  5:42  Terran Infantry Armor Level 1, Terran Infantry Weapons Level 1  
  52  5:43  Barracks, Marine x3  
  52  5:44  Barracks, Starport Reactor, Marine  
  52  5:47  Orbital Command  
  52  5:49  SCV x2  
  55  5:54  Armory, Marine  
  56  6:00  Marine  
  56  6:01  SCV, Marine x3  
  56  6:03  Hellion  
  56  6:04  Hellion  
  65  6:07  SCV  
  66  6:12  Marine  
  66  6:13  SCV  
  69  6:18  Marine x2  
  69  6:19  SCV, Marine x2  
  69  6:21  Orbital Command  
  69  6:25  SCV  
  74  6:29  Medivac x2  
  74  6:30  Supply Depot, Marine  
  74  6:31  Supply Depot, Widow Mine x2  
  74  6:32  Barracks Reactor  
  83  6:36  SCV, Marine  
  85  6:42  Supply Depot  
  85  6:44  Barracks Reactor  
  85  6:51  Marine x4  
  85  6:52  SCV, Widow Mine  
  85  6:53  SCV x2  
  94  7:01  Supply Depot  
  94  7:03  Supply Depot  
  94  7:04  SCV  
  95  7:12  SCV  
  95  7:13  SCV  
  97  7:16  SCV  
  97  7:18  Supply Depot  
  97  7:19  Marine x7  
  109  7:23  Widow Mine x2, Marine  
  109  7:25  Supply Depot, SCV  
  109  7:27  Supply Depot  
  109  7:29  Marine  
  112  7:32  SCV x2  
  112  7:37  SCV  
  115  7:40  Factory  
  119  7:44  Widow Mine x2  
  119  7:50  Supply Depot  
  119  8:05  Missile Turret  
  119  8:06  Terran Infantry Armor Level 2, Missile Turret, Terran Infantry Weapons Level 2  
  119  8:07  Missile Turret, Marine x9  
  119  8:09  Widow Mine x2  
  119  8:11  Medivac x2  
  136  8:16  Command Center  
  136  8:25  Marine  
  137  8:37  Marine x3  
  137  8:38  Factory Tech Lab  
  140  8:41  Medivac x2  
  140  8:46  SCV x2  
  140  8:47  Refinery  
  146  8:48  Refinery  
  146  8:52  Widow Mine  
  146  8:53  Widow Mine  
  146  8:55  Terran Vehicle And Ship Armor Level 1  
  150  8:56  Supply Depot x2, Drilling Claws  
  150  8:58  Thor  
  156  9:15  Widow Mine  
  157  9:18  Medivac, Widow Mine  
  157  9:22  Missile Turret  
  161  9:26  Marauder, Marine x8  
  171  9:32  Missile Turret  
  171  9:37  Barracks x3  
  171  9:40  Concussive Shells  
  171  9:43  Supply Depot  
  171  9:44  Marine x2  
  173  9:45  Supply Depot  
  173  9:48  Marauder  
  175  9:58  Planetary Fortress  
  173  10:14  Medivac, Widow Mine x3  
  167  10:15  Medivac  
  170  10:32  Marine  
  170  10:33  Barracks Tech Lab, Marauder  
  170  10:34  Barracks Tech Lab x2  
  170  10:35  Widow Mine x3  
  160  10:38  Terran Infantry Weapons Level 3, Terran Infantry Armor Level 3  
  158  10:43  Command Center  
  158  10:56  Widow Mine x2, Marauder x4, Marine x2  
  158  10:57  Widow Mine  
  173  11:07  Marine  
  173  11:11  Marine x5  
  175  11:14  Marine x2  
  175  11:17  Marauder x3  
  175  11:18  Widow Mine x2, Marauder  
  193  11:24  Marine  
  190  11:29  Marine x4  
  185  11:38  SCV x4  
  175  11:47  Refinery  
  175  11:49  Terran Vehicle And Ship Armor Level 2  
  175  11:50  Thor, SCV x3  
  175  11:51  Widow Mine x2  
  187  12:06  Marauder x2, Marine x5  
  187  12:07  Marauder x2  
  200  12:20  Marine  
  192  12:28  Marauder  
  189  12:30  Marine  
  189  12:31  Widow Mine x2, Marauder  
  189  12:35  Marine  
  189  12:36  Marauder, Marine  
  196  12:38  Marine x2  
  196  12:42  Marine  
  196  12:43  Marine  
  198  12:45  Widow Mine  
  196  13:01  Missile Turret  
  196  13:04  Missile Turret  
  196  13:23  Missile Turret  
  196  13:24  Widow Mine x2  
  192  13:50  Marine  
  191  13:58  Marauder, Marine x4  
  191  13:59  Marine  
  191  14:02  Marine x2  
  196  14:17  Command Center  
  196  14:19  Command Center  
  196  14:21  Command Center  
  196  14:23  Command Center  
  153  14:26  Command Center  
  153  14:29  Command Center  
  146  14:39  Marine x10  
  146  14:40  Widow Mine x2  
  146  14:41  Medivac x2, Widow Mine  
  160  14:52  Marine  
  162  14:53  Marauder  
  162  14:57  Marine  
  164  15:01  Thor, Widow Mine  
  172  15:30  Marauder, Marine x6  
  172  15:31  Widow Mine x2  
  184  15:38  Planetary Fortress  
  184  15:45  Orbital Command x4  
  184  15:46  Missile Turret x2  
  184  15:59  Marauder, Marine  
  187  16:07  Marauder, Marine x8  
  180  16:22  Marauder, Marine  
  180  16:23  Marauder  
  184  16:32  Marine  
  179  16:33  Marauder  
  179  16:38  Marine  
  179  16:39  Marauder, Marine  
  186  16:40  Widow Mine x2  
  173  16:56  Command Center  
  167  17:08  Command Center  
  167  18:03  Marauder, Marine x8  
  167  18:04  Medivac x2, Widow Mine x2  
  167  18:05  Marauder, Marine x2  
  167  18:20  Marine  
  167  18:21  Marine x3  
  167  18:23  Marauder  
  167  18:45  Missile Turret, Planetary Fortress  
  167  18:51  Missile Turret  
  167  18:54  Missile Turret  
  167  19:00  Missile Turret  
  167  19:05  Missile Turret  
Tags
 
Add a new tag
Caveats
  • Supply blocks, unpowered buildings, or Contaminate may cause inaccurate times.
  • Supply counts are checked every 10 seconds.